 Dungeon Crawl Stone Soup version 0.19-a0-1861-g35def1e (webtiles) character file.

98 kae the Shield-Bearer (level 5, 42/42 HPs)
             Began as a Formicid Fighter on Oct 11, 2016.
             Quit the game on level 2 of the Dungeon on Oct 12, 2016.
             The game lasted 00:01:14 (1650 turns).

kae the Shield-Bearer (Formicid Fighter)            Turns: 1650, Time: 00:01:15

Health: 42/42      AC:  6    Str: 21    XL:     5   Next: 0%
Magic:  5/5        EV:  8    Int:  8    God:
Gold:   91         SH:  9    Dex: 10    Spells: 0 memorised, 4 levels left

rFire  . . .     SeeInvis +     a - +0 long sword
rCold  . . .     Gourm    .     b - +0 scale mail
rNeg   . . .     Faith    .     c - +0 shield
rPois  .         Spirit   .     (helmet unavailable)
rElec  .         Dismiss  .     (no cloak)
rCorr  .         Reflect  .     (no gloves)
MR     .....     Harm     .     (no boots)
Stlth  ..........               (no amulet)
                                (no ring)
                                (no ring)

@: no status effects
A: permanent stasis, dig shafts and tunnels, four strong arms, antennae 3
a: Dig, Shaft Self


You were on level 2 of the Dungeon.
You were not hungry.

You visited 1 branch of the dungeon, and saw 2 of its levels.

You collected 91 gold pieces.

Inventory:

Hand Weapons
 a - a +0 long sword (weapon)
Armour
 b - a +0 scale mail (worn)
 c - a +0 shield (worn)
Jewellery
 g - an uncursed amulet of harm {unknown}
 h - a cursed ring of teleportation {unknown}
Scrolls
 e - 2 scrolls of enchant weapon {unknown}
 k - a scroll of immolation {unknown}
 o - 2 scrolls of magic mapping {unknown}
 p - a scroll of amnesia {unknown}
Potions
 d - a potion of might
 j - a potion of curing {unknown}
 l - a potion of heal wounds {unknown}
 n - a potion of lignification {unknown}
 q - a potion of ambrosia {unknown}
Comestibles
 f - 3 bread rations
 i - a meat ration


   Skills:
 + Level 4.0 Fighting
 * Level 3.7 Long Blades
 - Level 3.2 Armour
 + Level 4.3 Shields


You had 4 spell levels left.
You didn't know any spells.

Dungeon Overview and Level Annotations

Branches:
Dungeon (2/15)

Altars:
Hepliaklqana


Innate Abilities, Weirdness & Mutations

You are under a permanent stasis effect.
You can dig through walls and to a lower floor.
Your four strong arms can wield two-handed weapons with a shield.
You have a pair of large antennae on your head. (SInv)


Message History

A rat is nearby!
A rat is nearby!
The rat bites you but does no damage.
You slash the rat!
You kill the rat!
No target in view!
No target in view!
No target in view!
No target in view!
You see here a rat corpse.
You see here a rat corpse.
Done exploring.
Done exploring.
No target in view!
No target in view!
Done exploring.
Done exploring.
Done exploring.
Done exploring.
Are you sure you want to abandon this character and quit the game? (Confirm with "yes".)

#.# #.#### #....#
###†#### #####.#.#
#...<...# ####
#.....#.#
...######.#.....####
...##...........@..#
...##.###.......####
...'.........>..#
...#######......#
...# #.#..#.#
...#######......#
####..........###
#..........#
###..........#


There were no monsters in sight!

Vanquished Creatures
  3 gnolls (D:2)
  An adder (D:2)
  An ooze (D:1)
  A worm (D:2)
  A dart slug (D:1)
  2 giant cockroaches
  8 goblins
  5 hobgoblins
  2 jackals (D:2)
  A ball python (D:1)
  10 bats
  3 frilled lizards
  7 kobolds
  7 rats
52 creatures vanquished.

Notes
Turn   | Place    | Note
-------+----------+-------------------------------------------
     0 | D:1      | kae the Formicid Fighter began the quest for the Orb.
     0 | D:1      | Reached XP level 1. HP: 18/18 MP: 1/1
   154 | D:1      | Reached XP level 2. HP: 22/24 MP: 2/2
   413 | D:1      | Reached XP level 3. HP: 29/30 MP: 3/3
   823 | D:2      | Upgraded the game from 0.19-a0-1855-gb7442ac to 0.19-a0-1861-g35def1e
   881 | D:2      | Reached XP level 4. HP: 7/37 MP: 4/4
  1188 | D:2      | Found a hazy altar of Hepliaklqana.
  1490 | D:2      | Reached XP level 5. HP: 41/42 MP: 5/5
  1650 | D:2      | Quit the game

Vault maps used:
D:1:      matt_arrival_diagonals
D:2:      old_standard_altar

Skill      XL: |  1  2  3  4 |
---------------+-------------+-----
Long Blades    | 3 |  3.7
Shields        | 4 |  4.3
Fighting       | 4 |  4.0
Armour         | |  3.2

Action                   |  1- 3 |  4- 6 || total
-------------------------+-------+-------++-------
Melee: Long sword        |    91 |    66 ||   157
 Abil: Dig               |     1 |       ||     1
  Eat: Chunk             |       |     3 ||     3
Armor: Scale mail        |    32 |    36 ||    68
Dodge: Dodged            |    28 |    41 ||    69
Block: Shield            |    46 |    58 ||   104
       Rpst.: Long sword |     8 |    12 ||    20
